 Dungeon Crawl Stone Soup version 0.14-a0-1719-ga7e7698 (webtiles) character file.

358 Jenx the Vexing (level 5, -1/24 HPs)
             Began as a Spriggan Enchanter on Jan 1, 2014.
             Slain by a green rat (4 damage)
             ... on Level 4 of the Dungeon.
             The game lasted 00:12:21 (3428 turns).

Jenx the Vexing (Spriggan Enchanter)                Turns: 3428, Time: 00:12:21

HP  -1/24        AC  3     Str  4      XL: 5   Next: 58%
MP  11/16        EV 18     Int 17      God:
Gold 146         SH  0     Dex 17      Spells:  2 memorised,  7 levels left

rFire  . . .     SeeInvis +     a - +1 dagger
rCold  . . .     Clarity  .     b - +1 robe
rNeg   + . .     Conserve .     (shield restricted)
rPois  .         rCorr    .     (helmet restricted)
rElec  .         rRot     .     (no cloak)
SustAb . .       Spirit   .     (gloves unavailable)
rMut   .         Warding  +     (boots unavailable)
Saprov . . .     Stasis   .     q - amulet of warding
                                (no ring)
                                k - ring of sustenance

@: very quick, somewhat resistant to hostile enchantments, fairly stealthy
A: unfitting armour, see invisible, herbivore 3, speed 3, slow metabolism 2
a: no special abilities


You were on level 4 of the Dungeon.
You were full.

You visited 1 branch of the dungeon, and saw 4 of its levels.

You collected 146 gold pieces.

Inventory:

Hand weapons
 a - a +1,+1 dagger (weapon)
 u - a +1,+2 short sword of speed
 v - a cursed -3,-2 whip
Missiles
 d - 39 darts (quivered)
 f - 3 curare-tipped needles
Armour
 b - a +1 robe (worn)
Comestibles
 p - 2 bread rations
Scrolls
 j - 2 scrolls of remove curse {unknown}
 l - 2 scrolls of fog {unknown}
 n - 2 scrolls of amnesia {unknown}
 t - a scroll of curse armour {unknown}
 w - a scroll of teleportation {unknown}
 x - a scroll of recharging {unknown}
Jewellery
 k - a ring of sustenance (left hand)
 q - an amulet of warding (around neck)
Potions
 g - 2 potions of heal wounds
 h - a potion of resistance {unknown}
 i - 3 potions of brilliance {unknown}
 m - a potion of might {unknown}
 o - a potion of restore abilities {unknown}
 r - a potion of flight {unknown}
 s - a potion of curing {unknown}
Books
 c - a book of Maledictions

   Spells                             Type                      Level
   *Corona                            Hexes                        1
   Sure Blade                         Hexes/Charms                 2
   *Ensorcelled Hibernation           Hexes/Ice                    2
   Confuse                            Hexes                        3
   Enslavement                        Hexes                        4
   Invisibility                       Hexes                        6


   Skills:
 - Level 1.1 Short Blades
 - Level 1.1 Throwing
 - Level 3.0 Dodging
 - Level 6.0 Stealth
 + Level 3.4 Spellcasting
 - Level 6.1 Hexes


You had 7 spell levels left.
You knew the following spells:

 Your Spells              Type           Power        Failure   Level  Hunger
a - Ensorcelled Hibernat  Hex/Ice        ##....       10%         2    ##.....
b - Corona                Hex            ###....      1%          1    None


Dungeon Overview and Level Annotations

Branches:
Dungeon (4/16)
 Temple: D:4-7

Altars:
Cheibriados
Nemelex Xobeh

Annotations:
D:3 exclusion: player ghost, CrazyArbalest's ghost, average OgBe


Innate Abilities, Weirdness & Mutations

You are tiny and cannot use many weapons and most armour.
You have supernaturally acute eyesight.
You are a herbivore.
You cover ground extremely quickly.
You need consume almost no food.


Message History

The green rat closely misses you.
Drink which item? (? for menu, Esc to quit)
That potion was really gluggy!
The green rat barely misses you.
Your magical contamination has completely faded away.
Your unstable footing causes you to fumble your attack.
The green rat splashes around in the water.
You hit the green rat.
The green rat is moderately wounded.
The green rat misses you.
You closely miss the green rat.
The green rat is moderately wounded.
The green rat bites you.
* * * LOW HITPOINT WARNING * * *
Your unstable footing causes you to fumble your attack.
The green rat closely misses you.
Your unstable footing causes you to fumble your attack.
You barely miss the green rat.
The green rat is moderately wounded.
The green rat bites you.
You die...

....#...# ....#...#
#######.### ###
#...# ##≈##
#######...#####≈≈≈
..............#≈≈≈
.....##.###...##≈#
.....##.###....#r#
.....##...#.####@#
#######.....# ##≈##
#### #...#.###≈≈≈#
...######.....#≈≈≈#
..............##≈##
##...####.....##.##
#...# ###.###...##
#.### #.####...#
##.########...##...#


You could see a green rat.

Vanquished Creatures
  An iguana (D:4)
  An orc priest (D:4)
  An orc wizard (D:4)
  3 adders
  A giant mite (D:1)
  An inept item mimic (D:2)
  3 worms
  5 giant geckos
  2 oozes
  2 orcs (D:4)
  A ball python (D:3)
  2 bats
  5 giant cockroaches
  9 goblins
  8 hobgoblins
  2 jackals (D:1)
  2 quokkas
  3 giant newts (D:1)
  9 kobolds
  7 rats
68 creatures vanquished.

Vanquished Creatures (others)
  A goblin (D:1)
1 creature vanquished.

Grand Total: 69 creatures vanquished

Notes
Turn   | Place    | Note
--------------------------------------------------------------
     0 | D:1      | Jenx, the Spriggan Enchanter, began the quest for the Orb.
     0 | D:1      | Reached XP level 1. HP: 9/9 MP: 4/4
   124 | D:1      | Reached skill level 4 in Stealth
   414 | D:1      | Reached XP level 2. HP: 13/13 MP: 7/7
   528 | D:1      | Learned a level 2 spell: Ensorcelled Hibernation
   827 | D:1      | Reached skill level 5 in Stealth
  1020 | D:1      | Reached XP level 3. HP: 14/16 MP: 6/9
  1295 | D:1      | Reached skill level 6 in Stealth
  1405 | D:2      | Found a snail-covered altar of Cheibriados.
  2224 | D:2      | Reached XP level 4. HP: 21/21 MP: 12/12
  2436 | D:3      | Noticed CrazyArbalest's ghost (average OgBe)
  2642 | D:3      | Reached skill level 5 in Hexes
  2752 | D:4      | Noticed an orc warrior
  2771 | D:4      | Noticed an ogre
  2814 | D:4      | Found a sparkling altar of Nemelex Xobeh.
  2815 | D:4      | Reached XP level 5. HP: 22/24 MP: 12/14
  3428 | D:4      | Slain by a green rat

Action                   |  1- 3 |  4- 6 || total
-------------------------+-------+-------++-------
Melee: Dagger            |   145 |   120 ||   265
Throw: Dart              |       |     2 ||     2
 Cast: Corona            |     3 |       ||     3
       Ensorcelled Hiber |     9 |    21 ||    30
  Use: Scroll            |     3 |     2 ||     5
       Potion            |       |     1 ||     1
 Stab: Sleeping          |    16 |    17 ||    33
       Distracted        |     1 |     2 ||     3
